 Dungeon Crawl Stone Soup version 0.19.0-19-g8c6edcc (webtiles) character file.

1965 lorenzova the Covered (level 9, -2/86 HPs)
             Began as a Deep Dwarf Fighter on Nov 14, 2016.
             Slain by a wyvern skeleton (6 damage)
             ... on level 6 of the Dungeon.
             The game lasted 00:10:10 (4547 turns).

lorenzova the Covered (Deep Dwarf Fighter)          Turns: 4547, Time: 00:10:11

Health: -2/86      AC: 11    Str: 21    XL:     9   Next: 0%
Magic:  7/7        EV: 12    Int: 10    God:
Gold:   279        SH: 10    Dex: 17    Spells: 0 memorised, 8 levels left

rFire  . . .     SeeInvis .     a - +0 war axe
rCold  . . .     Gourm    .     b - +0 scale mail
rNeg   . . .     Faith    .     c - +0 shield
rPois  .         Spirit   .     (no helmet)
rElec  .         Reflect  .     (no cloak)
rCorr  .         Harm     .     t - +2 pair of gloves
MR     +....                    (no boots)
Stlth  ..........               (no amulet)
                                D - +4 ring of dexterity
                                h - ring of flight

@: non-regenerating
A: damage resistance, recharge devices, sense surroundings 2, slow regeneration
3
a: Device Recharging, Evoke Flight


You were on level 6 of the Dungeon.
You were not hungry.

You visited 1 branch of the dungeon, and saw 6 of its levels.
You also visited: Ossuary.

You collected 279 gold pieces.

Inventory:

Hand Weapons
 a - a +0 war axe (weapon)
Armour
 b - a +0 scale mail (worn)
 c - a +0 shield (worn)
 t - a +2 pair of gloves (worn)
Jewellery
 h - a ring of flight (left hand)
 D - a +4 ring of dexterity (right hand)
Wands
 e - a wand of heal wounds (0/9)
Scrolls
 d - a scroll of enchant weapon {unknown}
 i - 4 scrolls of noise {unknown}
 k - 2 scrolls of random uselessness {unknown}
 m - a scroll of magic mapping {unknown}
 o - 5 scrolls of amnesia {unknown}
 q - 8 scrolls of identify {unknown}
 r - 2 scrolls of remove curse {unknown}
 s - 3 scrolls of recharging {unknown}
 x - a scroll of fog {unknown}
 y - a scroll of blinking {unknown}
 F - a scroll of teleportation {unknown}
Potions
 g - 2 potions of curing
 j - 2 potions of degeneration {unknown}
 n - a potion of haste {unknown}
 p - a potion of cure mutation {unknown}
 u - a potion of berserk rage {unknown}
 v - 2 potions of magic {unknown}
 w - 2 potions of beneficial mutation {unknown}
 z - 2 potions of lignification {unknown}
 A - a potion of might
 B - a potion of ambrosia {unknown}
 E - a potion of heal wounds {unknown}
Comestibles
 f - 6 bread rations
 l - 3 meat rations
 C - 7 chunks of flesh


   Skills:
 * Level 7.3 Fighting
 - Level 2.1 Axes
 + Level 7.6 Armour
 + Level 7.0 Dodging
 - Level 3.2 Shields


You had 8 spell levels left.
You didn't know any spells.

Dungeon Overview and Level Annotations

Branches:
Dungeon (6/15)
 Temple: D:4-7

Altars:
Ashenzari
Dithmenos
Kikubaaqudgha
Trog
Uskayaw


Innate Abilities, Weirdness & Mutations

You are resistant to damage.
You can recharge devices by infusing magical energy.
You passively map the area around you.
You do not regenerate.


Message History

You block the wyvern skeleton's attack.
Evoke which item? (* to show all) (? for menu, Esc to quit)
Zapping:
e - a wand of heal wounds (1/9)
Press: ? - help, Shift-Dir - straight line, f - you You feel much better.
This wand has 0 charges left.
The wyvern zombie closely misses you. The wyvern skeleton bites you!
* * * LOW HITPOINT WARNING * * *
The wyvern zombie bites you but does no damage.
You hit the wyvern skeleton but do no damage.
The wyvern skeleton is almost destroyed.
Your shield and scale mail prevent you from hitting the wyvern zombie.
The wyvern skeleton bites you!
* * * LOW HITPOINT WARNING * * *
You block the wyvern zombie's attack. You block the wyvern skeleton's attack.
The wyvern zombie barely misses you.
You hit the wyvern skeleton.
The wyvern skeleton is almost destroyed.
You hit the wyvern zombie. The wyvern skeleton barely misses you.
You block the wyvern zombie's attack. The wyvern skeleton bites you!
You die...

, #................ , , ,
##................ ,.......
##...#.....#.....#. , .......
##....#.###.#.###.#. * .......
##.....#.....#.)...#. ,.......
##...#.....#..[.[#....
,.....5.##...O#.###.#.###.#.###
*
.......#....Z#.....#.....#....
........††#5Z@..#.....#.....#.
...##....#.###.#.###.#.###.#. ,
#.....#.....#.....#.....#.
,.....#.....#.....#.....#....
##....#.###.#.###.#.###.#....
#....#.., .#.....#.....#....
#........ ....[.............
##....... ,................# ,
.... .........)#####.....##


You could see an ogre, a shadow imp, a wyvern zombie and a wyvern skeleton.

Vanquished Creatures
  The ghost of Raws the Bolt Thrower, a novice DsHu of Okawaru (D:4)
  Menkaure (D:4)
  A phantom (D:4)
  2 ogres
  A sky beast (D:5)
  A centaur (D:6)
  An elf zombie (Ossuary)
  2 bullfrogs
  3 scorpions
  A water moccasin skeleton (D:5)
  A howler monkey (D:6)
  2 crimson imps
  A centaur zombie (Ossuary)
  A bullfrog skeleton (D:3)
  3 hounds
  2 human zombies (Ossuary)
  A centaur skeleton (D:4)
  An orc priest (D:4)
  An iguana (D:6)
  3 worker ants
  2 mummies (Ossuary)
  3 gnolls (D:5)
  7 adders
  2 shadow imps (D:5)
  An ooze (D:1)
  3 adder zombies (Ossuary)
  An adder skeleton (D:4)
  4 worms
  2 dart slugs
  3 leopard geckos
  10 orcs
  A ball python (D:5)
  2 giant cockroaches
  7 goblins
  3 hobgoblins
  4 jackals (D:1)
  5 quokkas
  7 bats
  3 frilled lizards
  7 hobgoblin zombies (Ossuary)
  A jackal skeleton (D:4)
  6 kobolds
  11 kobold zombies (Ossuary)
  10 orc zombies (Ossuary)
  A quokka zombie (D:6)
  14 rats
  2 rat zombies (Ossuary)
152 creatures vanquished.

Notes
Turn   | Place    | Note
-------+----------+-------------------------------------------
     0 | D:1      | lorenzova the Deep Dwarf Fighter began the quest for the Orb.
     0 | D:1      | Reached XP level 1. HP: 20/20 MP: 1/1
    72 | D:1      | Reached XP level 2. HP: 25/27 MP: 2/2
   123 | D:1      | Reached skill level 1 in Dodging
   288 | D:1      | Reached XP level 3. HP: 18/34 MP: 3/3
   858 | D:2      | Found a hide-covered altar of Uskayaw.
  1005 | D:2      | Noticed a moth of wrath
  1008 | D:2      | Found a bloodstained altar of Trog.
  1656 | D:3      | Reached XP level 4. HP: 42/42 MP: 4/4
  1804 | D:3      | Found an ancient bone altar of Kikubaaqudgha.
  2440 | D:4      | Noticed a phantom
  2442 | D:4      | Noticed Raws's ghost (novice DsHu)
  2597 | D:4      | Reached XP level 5. HP: 34/50 MP: 5/5
  2796 | D:4      | Noticed Menkaure
  3039 | D:4      | Reached skill level 5 in Armour
  3039 | D:4      | Reached XP level 6. HP: 52/57 MP: 6/6
  3082 | D:4      | Killed Menkaure
  3220 | D:4      | Killed Raws's ghost
  3220 | D:4      | Reached skill level 5 in Fighting
  3220 | D:4      | Reached skill level 5 in Dodging
  3220 | D:4      | Reached XP level 7. HP: 27/67 MP: 7/7
  3465 | D:5      | Entered Level 5 of the Dungeon
  3587 | D:5      | Reached XP level 8. HP: 32/75 MP: 7/7
  3603 | D:5      | HP: 3/75 [sky beast (3)]
  3754 | D:5      | Found a sand-covered staircase.
  3755 | D:5      | Found a shattered altar of Ashenzari.
  3765 | Ossuary  | Entered an ossuary
  4079 | D:5      | Found a shadowy altar of Dithmenos.
  4526 | D:6      | Gained mutation: You passively map the area around you. [Deep Dwarf growth]
  4526 | D:6      | Reached XP level 9. HP: 37/86 MP: 7/7
  4544 | D:6      | HP: 2/86 [wyvern zombie (6)]
  4547 | D:6      | Slain by a wyvern skeleton

Skill      XL: |  1  2  3  4  5  6  7  8 |
---------------+-------------------------+-----
Dodging        | 1 2 3 5 7 |  7.0
Fighting       | 3 4 5 7 |  7.3
Armour         | 4 5 6 7 |  7.6
Axes           | |  2.1
Shields        | |  3.2

Action                   |  1- 3 |  4- 6 |  7- 9 || total
-------------------------+-------+-------+-------++-------
Melee: War axe           |   122 |   158 |   290 ||   570
 Abil: Device Recharging |       |       |     2 ||     2
Evoke: Wand              |     2 |     2 |     8 ||    12
  Use: Potion            |       |     2 |     2 ||     4
  Eat: Chunk             |     1 |     7 |     5 ||    13
Armor: Scale mail        |    38 |    93 |   155 ||   286
Dodge: Dodged            |    46 |    42 |   182 ||   270
Block: Shield            |    53 |    93 |   184 ||   330
